 Dungeon Crawl Stone Soup version 0.30-a0-591-g3c58d2bc28 (webtiles) character file.

Game seed: 14917392985977041335

2 ghostp the Magician (level 1, 0/16 HPs)
             Began as a Human Wanderer on Jan 4, 2023.
             Slain by a ball python (2 damage)
             ... on level 1 of the Dungeon.
             The game lasted 00:03:40 (88 turns).

ghostp the Magician (Human Wanderer)                  Turns: 88, Time: 00:03:41

Health: 0/16       AC:  2    Str: 10    XL:     1   Next: 33%
Magic:  3/5        EV:  8    Int: 13    God:
Gold:   0          SH:  0    Dex: 13    Spells: 7/8 levels left

rFire   . . .      SeeInvis .    a - +0 dagger
rCold   . . .      Faith    .    (no shield)
rNeg    . . .      Spirit   .    b - +0 robe
rPois   .          Reflect  .    (no helmet)
rElec   .          Harm     .    (no cloak)
rCorr   .          Rampage  .    (no gloves)
Will    .....                    (no boots)
Stlth   +                        (no amulet)
HPRegen 0.22/turn                (no ring)
MPRegen 0.09/turn                (no ring)

@: constricted
A: no striking features
a: no special abilities


You were on level 1 of the Dungeon.
You visited 1 branch of the dungeon, and saw 1 of its levels.

Inventory:

Hand Weapons
 a - a +0 dagger (weapon)
Armour
 b - a +0 robe (worn)
Scrolls
 c - 2 scrolls of teleportation
 d - a scroll of blinking {unknown}
 e - a scroll of vulnerability {unknown}


   Skills:
 + Level 2.0 Fighting
 + Level 4.1 Spellcasting
 + Level 3.0 Summonings
 + Level 1.0 Evocations


You had 7 spell levels left.
You knew the following spells:

 Your Spells              Type           Power      Damage    Failure   Level
a - Summon Small Mammal   Summ           40%        N/A       6%          1

Your spell library contained the following spells:

 Spells                   Type           Power      Damage    Failure   Level
 Kiss of Death            Conj/Necr      8%         2d6       21%         1
 Summon Guardian Golem    Hex/Summ       6%         N/A       32%         3
 Stone Arrow              Conj/Erth      4%         3d7       52%         3
 Animate Armour           Summ/Erth      12%        N/A       73%         4


Dungeon Overview and Level Annotations

Branches:
Dungeon (1/15)

Altars:


Message History

A giant cockroach comes into view.
The endoplasm jiggles.
Your rat bites the endoplasm.
You closely miss the giant cockroach. The ball python bites you.
The ball python closely misses you. The giant cockroach barely misses you.
Your rat completely misses the kobold.
You closely miss the giant cockroach. The ball python misses you.
The ball python barely misses you. The giant cockroach bites you.
Your rat bites the rat.
You hit the giant cockroach but do no damage.
The ball python bites you. The ball python grabs you.
The ball python constricts you. The giant cockroach closely misses you.
Something closely misses your rat. The ball python barely misses you.
The ball python constricts you. The giant cockroach bites you.
Your rat bites the rat.
The rat dies!
You closely miss the giant cockroach. The ball python closely misses you.
The ball python constricts you. The giant cockroach bites you.
Your rat misses the kobold.
You hit the giant cockroach but do no damage.
The ball python barely misses you. The ball python constricts you.
The giant cockroach barely misses you.
You hit the giant cockroach.
The giant cockroach is severely wounded.
The ball python bites you but does no damage.
The ball python constricts you. The giant cockroach bites you.
Something hits your rat.
Your rat dies!
Your rat's corpse disappears in a puff of smoke!
You closely miss the giant cockroach.
The giant cockroach is severely wounded.
The ball python barely misses you. The ball python constricts you.
The giant cockroach bites you.
You hit the giant cockroach.
The giant cockroach is almost dead.
The ball python bites you.
* * * LOW HITPOINT WARNING * * *
The ball python constricts you. The giant cockroach barely misses you.
The ball python bites you.
You die...

+### ... ..... .... ###.###
.....# #B##.## #@##..#####
#.SJ§.....# #####.....###
####..#...#
#+#######....K#.#.#####. .#
#......##.~##...r.......
...#..~##....~~...#........
.~..#..~~~..##~~#...~......
~~~.....~##...##....~~.....


You could see an endoplasm, a giant cockroach and a ball python.

Vanquished Creatures
  An endoplasm (D:1)
1 creature vanquished.

Vanquished Creatures (collateral kills)
  A rat (D:1)
1 creature vanquished.

Grand Total: 2 creatures vanquished

Notes
Turn   | Place    | Note
-------+----------+-------------------------------------------
     0 | D:1      | ghostp the Human Wanderer began the quest for the Orb.
     0 | D:1      | ghostp set off with the following items: a +0 dagger, a +0
                  | robe, 2 scrolls of teleportation; and the following spells
                  | available to memorise: Summon Small Mammal, Kiss of Death,
                  | Summon Guardian Golem, Stone Arrow, Animate Armour.
     0 | D:1      | Reached XP level 1. HP: 16/16 MP: 5/5
     2 | D:1      | Learned a level 1 spell: Summon Small Mammal
    88 | D:1      | Slain by a ball python

Illustrated notes

Levels and vault maps discovered:
D:1:      denvon_arrival_waterhouse, layout_basic, corexii_leaking_fountain

Action                   || total
-------------------------++-------
Melee: Dagger            ||    10
 Cast: Summon Small Mamm ||     4
Armor: Robe              ||     2
Dodge: Dodged            ||    16

Table legend: (Time is in decaauts)
 A = Elapsed time spent in this place.
 B = Non-inter-level travel time spent in this place.
 C = Inter-level travel time spent in this place.
 D = Time resting spent in this place.
 E = Time spent auto-exploring this place.
 F = Levels seen in this place.
 G = Mean time per level.
                   A        B        C        D        E       F      G
               +--------+--------+--------+--------+--------+-----+--------+
         Total |     89 |     89 |      0 |      0 |     39 |   1 |   89.0 |
       Dungeon |     89 |     89 |      0 |      0 |     39 |   1 |   89.0 |
               +--------+--------+--------+--------+--------+-----+--------+

Top non-repeatable levels by time:
     D:1: 89 daAuts
